 Dungeon Crawl Stone Soup version 0.28.0-43-g3370ac3207 (webtiles) character file.

Game seed: 4242148539164847345

65 Mileena the Caller (level 3, -2/28 HPs)
             Began as a Draconian Summoner on Mar 7, 2022.
             Slain by Sigmund
             ... wielding a +0 scythe
              (9 damage)
             ... on level 3 of the Dungeon.
             The game lasted 00:08:45 (1058 turns).

Mileena the Caller (Draconian Summoner)             Turns: 1058, Time: 00:08:46

Health: -2/28      AC:  5    Str: 10    XL:     3   Next: 92%
Magic:  2/6        EV: 12    Int: 17    God:
Gold:   26         SH:  0    Dex: 11    Spells: 0/6 levels left

rFire   + . .      SeeInvis +   d - +0 quarterstaff
rCold   x . .      Faith    .   (shield currently unavailable)
rNeg    . . .      Spirit   .   (armour unavailable)
rPois   .          Reflect  .   (helmet restricted)
rElec   +          Harm     +   f - scarf {harm}
rCorr   .          Rampage  .   (no gloves)
Will    .....                   (no boots)
Stlth   +.........              (no amulet)
HPRegen 0.09/turn               h - ring of fire
MPRegen 0.10/turn               j - ring of see invisible

@: confused
A: AC +5, unfitting armour, cold-blooded, electricity resistance
a: no special abilities


You were on level 3 of the Dungeon.
You visited 1 branch of the dungeon, and saw 4 of its levels.

You collected 26 gold pieces.

Inventory:

Hand Weapons
 d - a +0 quarterstaff (weapon)
Missiles
 c - a javelin (quivered)
Armour
 f - a scarf of harm (worn)
Jewellery
 h - a ring of fire (left hand)
 j - a ring of see invisible (right hand)
Scrolls
 b - a scroll of enchant armour
Potions
 g - a potion of lignification {unknown}
 k - a potion of curing {unknown}


   Skills:
 * Level 1.1 Fighting
 * Level 0.8 Staves
 * Level 0.9 Throwing
 * Level 2.0 Dodging
 * Level 2.0 Stealth
 * Level 0.5 Unarmed Combat
 * Level 2.2 Spellcasting
 * Level 0.3 Hexes
 * Level 4.5 Summonings


You couldn't memorise any spells.
You knew the following spells:

 Your Spells              Type           Power      Damage    Failure   Level
a - Summon Small Mammal   Summ           68%        N/A       3%          1
b - Call Imp              Summ           17%        N/A       4%          2
c - Summon Guardian Gole  Hex/Summ       10%        N/A       22%         3

Your spell library contained the following spells:

 Spells                   Type           Power      Damage    Failure   Level
 Call Canine Familiar     Summ           17%        N/A       9%          3
 Summon Lightning Spire   Summ/Air       9%         N/A       58%         4


Dungeon Overview and Level Annotations

Branches:
Dungeon (4/15)
 Temple: D:4-7

Altars:

Annotations:
D:3 Sigmund


Innate Abilities, Weirdness & Mutations

Your plain brown scales are hard. (AC +5)
You cannot fit into any form of body armour.
You are cold-blooded and may be slowed by cold attacks.
You are resistant to electric shocks. (rElec)


Message History

Throw: boomerang
Press: ? - help, Q - select action, (/) - cycle Shift-Dir - straight line, f/p - worm
Aim: a worm (ally target, 75% to hit)
You throw a boomerang. The boomerang barely misses the worm.
Sigmund shouts!
Unknown command.
Throw: boomerang
Press: ? - help, Q - select action, (/) - cycle Shift-Dir - straight line, f/p - worm
Aim: a worm (ally target, 75% to hit)
You throw a boomerang. The boomerang hits the worm.
The worm is moderately wounded.
Sigmund says, "You will soon forget everything."
Throw: 2 javelins
Press: ? - help, Q - select action, (/) - cycle Shift-Dir - straight line, f/p - worm
Aim: a worm (moderately wounded, ally target, 75% to hit)
You throw a javelin.
The javelin pierces through the worm but does no damage.
The worm is moderately wounded.
Sigmund closely misses you. The worm barely misses you. The worm bites you.
Sigmund points at you and mumbles some strange words.
The magic dart hits you.
You barely miss the worm.
The worm is lightly wounded.
Sigmund mumbles some strange words.
Sigmund flickers and vanishes for a moment.
You hit the worm.
Your tail-slap misses the worm.
The worm is heavily wounded.
The worm bites you!
* * * LOW HITPOINT WARNING * * *
Sigmund gestures at you while chanting.
You are confused.
Okay, then.
You are too confused!
You sock the worm!
You kill the worm!
Your guardian golem disappears in a puff of smoke!
Sigmund completely misses you.
Sigmund hits you from afar with a +0 scythe!
You die...

#. #####.#.#.#.# #.
#....)..#.#.# #. #.
#.###.#...#.# #.
#.##.#.#.#.###.# #.
#....#.#.#.....#
#.####)...#.#######
#....(.##.#.#
#....>..#.#.#
#..@....#.#.#
#....@..+.#
#.......###
#.......'...
#.......###.#
.........#
.≈≈.......#
.≈≈.........
..≈≈.#####.#.


You could see Sigmund (invisible).

Vanquished Creatures
  A hound (D:3)
  A worm (D:3)
  3 bats
  2 endoplasms
  A hobgoblin (D:1)
  A quokka (D:1)
  2 ball pythons (D:1)
  A frilled lizard (D:2)
  A goblin (D:1)
  4 kobolds
17 creatures vanquished.

Vanquished Creatures (collateral kills)
  A hound skeleton (D:2)
  A giant cockroach (D:1)
  A kobold (D:1)
3 creatures vanquished.

Grand Total: 20 creatures vanquished

Notes
Turn   | Place    | Note
-------+----------+-------------------------------------------
     0 | D:1      | Mileena the Draconian Summoner began the quest for the Orb.
     0 | D:1      | Reached XP level 1. HP: 14/14 MP: 3/3
   265 | D:1      | Reached XP level 2. HP: 4/22 MP: 1/5
   515 | D:1      | Learned a level 2 spell: Call Imp
   833 | D:2      | Reached XP level 3. HP: 27/27 MP: 6/6
   841 | D:2      | Learned a level 3 spell: Summon Guardian Golem
   864 | D:2      | You fall into a shaft and drop 2 floors!
   976 | D:3      | Noticed Sigmund
  1017 | D:3      | Reached skill level 1 in Fighting
  1030 | D:3      | Gained mutation: You are resistant to electric shocks.
                  | (rElec) [potion of mutation]
  1058 | D:3      | Slain by Sigmund

Illustrated notes

Levels and vault maps discovered:
D:1:      wander_arrival_peaceful_grave, layout_rooms, minmay_cut_off
D:2:      layout_basic, basic_altar
D:3:      layout_basic, shapermc_ecumenical_altar_mp_vishouse,
          kennysheep_cross_room, dk_vineyard_3, uniq_jessica, uniq_sigmund
D:4:      layout_basic, uniq_natasha, uniq_duvessa

Skill      XL: |  1  2  3 |
---------------+----------+-----
Fighting       | 1 |  1.1
Dodging        | 2 |  2.0
Stealth        | 2 |  2.0
Staves         | |  0.8
Throwing       | |  0.9
Unarmed Combat | |  0.5
Spellcasting   | |  2.2
Hexes          | |  0.3
Summonings     | |  4.5

Action                   || total
-------------------------++-------
Melee: Quarterstaff      ||    31
       Tailslap          ||     3
Throw: Boomerang         ||    20
       Javelin           ||     1
 Cast: Summon Small Mamm ||     4
       Call Imp          ||     4
       Summon Guardian G ||     2
  Use: Scroll            ||     7
       Potion            ||     1
 Stab: Sleeping          ||     2
Armor: Skin              ||    12
Dodge: Dodged            ||    33
